Map: Emerald City LE

Players

Massa - Winner!

  • Race: Terran Terran
  • League: Platinum
  • Spawn Location: 5:00

qqq - Winner!

  • Race: Zerg Zerg
  • Spawn Location: 5:00

MaF

  • Race: Zerg Zerg
  • League: Diamond
  • Spawn Location: 11:00

majti

  • Race: Protoss Protoss
  • League: Diamond
  • Spawn Location: 11:00

VOD

Have the link to the VOD?

Description

Time

  • Played on: Feb. 14, 2021, 2:53 p.m.
  • Length: 6:55
Show
View Real Time Build Order
Export as new Build Order

Massa Terran - Winner!

Build Orders:  

Get SALT Encoding   

  12  0:00  SCV  
  13  0:12  SCV  
  14  0:18  Supply Depot  
  14  0:25  SCV  
  15  0:39  SCV  
  15  0:42  Barracks  
  16  0:52  SCV  
  16  0:54  Refinery  
  17  1:18  SCV  
  18  1:29  Marine  
  18  1:31  Supply Depot  
  19  1:40  Orbital Command  
  19  1:54  Barracks Reactor  
  19  2:05  SCV  
  20  2:12  Command Center  
  20  2:20  Factory  
  20  2:21  SCV  
  21  2:30  Marine x2  
  21  2:34  SCV  
  24  2:48  Marine x2  
  26  3:06  Marine x2  
  26  3:09  Hellion  
  26  3:10  SCV  
  31  3:23  SCV  
  32  3:28  Orbital Command  
  32  3:32  Barracks Tech Lab  
  32  3:35  Supply Depot  
  32  3:39  Hellion x2, Supply Depot  
  36  3:54  SCV x2  
  38  4:02  Hellion  
  42  4:03  Starport, Hellion  
  42  4:06  SCV, Stimpack  
  42  4:08  Marine  
  44  4:10  SCV  
  45  4:18  SCV  
  45  4:24  Hellion x2  
  48  5:00  Hellion x2  
  50  5:21  Hellion x2  
  50  5:28  Marauder  
  51  5:42  Hellion  
  51  5:43  Hellion  
  51  5:46  SCV x2  
  51  5:49  Marauder  
  55  5:58  SCV x2  
  59  6:04  Hellion x2  
  59  6:10  SCV x2, Marine  
  57  6:22  SCV x2, Starport Tech Lab  
  61  6:25  Hellion  
  61  6:30  Barracks  
  61  6:32  Barracks  
  61  6:34  SCV, Barracks  
  61  6:35  SCV  
  61  6:36  Refinery, Barracks  
  61  6:37  Supply Depot  
  61  6:38  Supply Depot  
  61  6:39  Supply Depot  
Show
View Real Time Build Order
Export as new Build Order

qqq Zerg - Winner!

Build Orders: 3 Hatch before Pool 

Get SALT Encoding   

  12  0:04  Drone  
  13  0:13  Drone  
  14  0:19  Overlord  
  14  0:49  Hatchery  
  14  1:05  Drone x2  
  14  1:06  Drone  
  17  1:23  Hatchery  
  17  1:24  Spawning Pool  
  17  1:25  Extractor  
  14  1:31  Drone  
  16  1:32  Drone  
  16  1:40  Drone  
  17  2:00  Drone x2  
  19  2:10  Drone  
  19  2:11  Queen  
  22  2:27  Hatchery  
  22  2:29  Overlord  
  21  2:33  Drone  
  22  2:41  Metabolic Boost  
  22  2:43  Zergling x2  
  23  2:46  Drone  
  23  2:51  Drone  
  25  2:58  Zergling x2  
  26  3:03  Drone  
  27  3:09  Zergling x2  
  28  3:20  Zergling x2  
  28  3:21  Drone x2  
  28  3:23  Queen  
  33  3:28  Lair  
  33  3:29  Zergling x2  
  33  3:32  Drone  
  35  3:35  Zergling x2  
  35  3:39  Overlord  
  36  3:42  Drone  
  36  3:45  Drone  
  36  3:48  Zergling x2  
  39  3:51  Zergling x2  
  39  3:52  Drone  
  39  3:54  Drone  
  42  4:01  Zergling x2  
  43  4:05  Zergling x2  
  43  4:06  Zergling x4  
  43  4:09  Overlord  
  46  4:11  Drone  
  46  4:12  Drone  
  48  4:17  Spine Crawler  
  48  4:21  Zergling x2  
  48  4:22  Zergling x4  
  50  4:28  Zergling x2  
  50  4:29  Zergling x4  
  49  4:41  Zergling x4  
  49  4:42  Zergling x4  
  49  4:43  Zergling x4  
  54  4:52  Zergling x2  
  55  4:53  Zergling x4  
  55  4:58  Overlord  
  57  5:03  Zergling x2  
  57  5:13  Overlord x3  
  57  5:15  Queen  
  59  5:22  Zergling x2  
  59  5:23  Zergling x6  
  58  5:32  Zergling x8  
  58  5:33  Zergling x8  
  60  5:43  Zergling x2  
  60  5:44  Zergling x6  
  58  5:50  Zergling x4  
  58  5:56  Zergling x2  
  57  6:11  Zergling x8  
  57  6:12  Drone x2  
  57  6:13  Drone  
  61  6:27  Zergling x2  
  61  6:28  Zergling x6  
  61  6:31  Hatchery  
Show
View Real Time Build Order
Export as new Build Order

MaF Zerg 

Build Orders: Hatch First 

Get SALT Encoding   

  12  0:00  Drone  
  13  0:08  Drone  
  14  0:16  Overlord  
  14  0:22  Extractor  
  14  0:23  Drone  
  15  0:34  Drone  
  15  0:35  Drone  
  17  0:56  Hatchery, Drone  
  17  1:11  Spawning Pool  
  17  1:12  Extractor  
  15  1:19  Drone  
  15  1:20  Drone  
  15  1:23  Drone  
  18  1:31  Drone  
  19  1:41  Overlord  
  19  1:58  Zergling x2  
  19  2:00  Queen  
  22  2:02  Zergling x2  
  22  2:07  Queen  
  25  2:08  Zergling x2  
  25  2:15  Metabolic Boost  
  26  2:18  Zergling x2  
  27  2:34  Drone x3  
  30  2:41  Drone  
  30  2:42  Extractor  
  30  2:43  Overlord  
  30  2:53  Drone  
  30  2:55  Spine Crawler  
  30  2:56  Drone  
  31  3:00  Zergling x2  
  32  3:09  Drone x3  
  35  3:14  Drone  
  35  3:15  Drone x2  
  38  3:20  Overlord  
  38  3:22  Overlord  
  38  3:35  Lair  
  38  3:40  Drone x4  
  42  3:42  Drone  
  42  3:44  Extractor  
  41  3:55  Overlord x2  
  41  4:06  Drone x2  
  43  4:13  Extractor, Drone  
  43  4:14  Drone x2  
  43  4:15  Drone  
  46  4:18  Drone  
  42  4:43  Zergling x2  
  42  4:44  Zergling x10  
  37  4:54  Zergling x4, Spire  
  37  4:58  Queen  
  35  5:11  Zergling x4  
  35  5:12  Zergling x4  
  37  5:26  Zergling x4  
  37  5:28  Zergling x6  
  34  5:38  Zergling x4  
  35  5:45  Zergling x2  
  35  5:46  Zergling x2  
  32  5:50  Queen  
  31  6:11  Zergling x2  
  31  6:12  Zergling x8  
  35  6:48  Spine Crawler  
Show
View Real Time Build Order
Export as new Build Order

majti Protoss 

Build Orders:  

Get SALT Encoding   

  12  0:01  Probe  
  13  0:13  Probe  
  14  0:18  Pylon  
  14  0:25  Probe  
  15  0:37  Probe  
  16  0:49  Probe, Forge  
  17  1:01  Probe  
  18  1:09  Assimilator  
  18  1:11  Assimilator  
  18  1:13  Probe  
  19  1:23  Gateway  
  19  1:26  Probe (Chrono Boost)  
  20  1:37  Probe (Chrono Boost)  
  21  1:42  Probe (Chrono Boost)  
  21  1:46  Gateway  
  22  1:52  Probe  
  22  2:02  Photon Cannon  
  22  2:04  Probe  
  23  2:12  Pylon  
  23  2:23  Cybernetics Core  
  24  2:30  Probe  
  24  2:36  Gateway  
  24  2:50  Nexus  
  24  2:59  Warp Gate (Chrono Boost)  
  24  3:00  Sentry  
  24  3:01  Sentry  
  28  3:07  Probe (Chrono Boost)  
  28  3:09  Protoss Ground Weapons Level 1 (Chrono Boost)  
  29  3:19  Probe (Chrono Boost)  
  30  3:24  Robotics Facility  
  30  3:27  Probe (Chrono Boost)  
  30  3:34  Pylon  
  31  3:41  Pylon  
  31  3:54  Probe (Chrono Boost)  
  32  4:02  Probe (Chrono Boost)  
  33  4:09  Robotics Facility  
  34  4:11  Probe (Chrono Boost)  
  34  4:12  Probe (Chrono Boost)  
  34  4:13  Robotics Bay  
  35  4:19  Observer  
  35  4:23  Probe (Chrono Boost)  
  37  4:46  Adept x3  
  37  4:48  Probe x2  
  39  5:11  Stalker  
  39  5:12  Stalker  
  39  5:14  Adept  
  29  5:35  Adept  
  29  5:36  Adept x2  
  11  6:00  Stalker  
  11  6:01  Probe  
  11  6:03  Probe  
  13  6:14  Probe  
  13  6:15  Probe  
  13  6:30  Probe  
  13  6:31  Adept x2  
  8  6:42  Probe  
Tags
 
Add a new tag
Caveats
  • Supply blocks, unpowered buildings, or Contaminate may cause inaccurate times.
  • Supply counts are checked every 10 seconds.